 Dungeon Crawl Stone Soup version 0.16-a0-670-g3b10be2 (webtiles) character file.

679 RobertPalmer the Covert (level 7, -2/45 HPs)
             Began as an Octopode Assassin on Sept 19, 2014.
             Was an Initiate of Gozag.
             Shot with an arrow by a centaur (4 damage)
             ... on Level 5 of the Dungeon.
             The game lasted 00:19:46 (6302 turns).

RobertPalmer the Covert (Octopode Assassin)         Turns: 6302, Time: 00:19:47

HP  -2/45        AC  1     Str 10      XL: 7   Next: 60%
MP   7/7         EV 11     Int 13      God: Gozag
Gold 113         SH  0     Dex 16      Spells:  0 memorised,  6 levels left

rFire  . . .     SeeInvis .     a - +2 dagger
rCold  . . .     Clarity  +     (no shield)
rNeg   . . .     rCorr    .     (helmet restricted)
rPois  .         rRot     .     t - amulet of clarity
rElec  .         Spirit   .     (no ring)
SustAb .         Warding  .     (no ring)
rMut   .         Stasis   .     (no ring)
Gourm  .                        (no ring)
MR     .....                    (no ring)
                                (no ring)
                                (no ring)
                                (no ring)

@: drained, not resistant to hostile enchantments, very stealthy
A: almost no armour, amphibious, 8 rings, constrict 8, camouflage 1, gelatinous
body 1
a: Potion Petition, Call Merchant, Bribe Branch, Renounce Religion


You were on level 5 of the Dungeon.
You worshipped Gozag.
Gozag was noncommittal.
You were not hungry.

You visited 1 branch of the dungeon, and saw 5 of its levels.

You collected 243 gold pieces.
You paid 130 gold pieces to Gozag.


Innate Abilities, Weirdness & Mutations

You cannot wear most types of armour.
You are amphibious.
You can wear up to eight rings at the same time.
You can use your tentacles to constrict many enemies at once.
Your skin changes colour to match your surroundings (Stealth).
Your rubbery body absorbs attacks (AC +1).


   Skills:
 - Level 2.0(1.8) Fighting
 + Level 3.5(3.3) Short Blades
 - Level 2.0(1.8) Throwing
 - Level 1.0(0.8) Dodging
 - Level 11.6(11.4) Stealth


You had 6 spell levels left.
You didn't know any spells.

Inventory:

Hand weapons
 a - a +2 dagger (weapon)
 b - a +1 blowgun
 x - a +1 dagger of pain
Missiles
 e - 7 poisoned needles
 f - 2 curare-tipped needles
 p - a throwing net (quivered)
Magical devices
 q - a wand of polymorph (7)
 y - a wand of flame (13)
Comestibles
 g - 7 bread rations
 k - 4 meat rations
 s - 4 slices of pizza
 D - 2 beef jerkies
 G - 2 chunks of orc flesh {@*1}
Scrolls
 c - 7 scrolls of identify
 i - 2 scrolls of random uselessness {unknown}
 j - a scroll of fog
 l - a scroll of recharging {unknown}
 n - 3 scrolls of enchant armour {unknown}
 v - 2 scrolls of remove curse {unknown}
 w - a scroll of noise {unknown}
 A - a scroll of enchant weapon
Jewellery
 t - an amulet of clarity (around mantle)
Potions
 d - 3 potions of might {unknown}
 h - a potion of resistance {unknown}
 m - 2 potions of brilliance {unknown}
 o - 2 potions of restore abilities {unknown}
 z - 3 potions of curing {unknown}
 B - a potion of agility {unknown}
 C - a potion of flight {unknown}
 E - 3 potions of confusion {unknown}
Books
 u - a Grand Grimoire {highlevel, unknown}

Dungeon Overview and Level Annotations

Branches:
Dungeon (5/15)
 Temple: D:4-7

Altars:
Dithmenos
Gozag
Kikubaaqudgha
Makhleb
Zin

#.. #.............
+.............
#.............
#.............
#####+#.............
#...................
#...cO.....((.......
+......#'####'####..
#..@...#.........#..
#......'.........#..
#...###'###.)....#..
#...#≈≈.§≈#......'..
#...#≈≈§§§##.....#..
#...+.._§.+......#).
#...#≈≈§§≈#+.....+..
#...#§§.§≈##.....#..
#...###'####....##..


You could see an ogre and a centaur.


Message History

You hit the centaur.
The centaur is lightly wounded.
The centaur hits you! The centaur closely misses you.
You hit the centaur.
The centaur is moderately wounded.
The centaur barely misses you.
You hit the centaur. You squeeze the centaur.
The centaur is heavily wounded.
The centaur hits you.
You hit the centaur but do no damage.
The centaur is heavily wounded.
The centaur hits you!
* * * LOW HITPOINT WARNING * * *
The centaur closely misses you.
You hit the centaur but do no damage.
The centaur is heavily wounded.
The centaur misses you.
You barely miss the centaur.
The centaur is heavily wounded.
The centaur barely misses you. The centaur hits you!
* * * LOW HITPOINT WARNING * * *
You closely miss the centaur.
The centaur is heavily wounded.
The centaur misses you. The centaur hits you!
* * * LOW HITPOINT WARNING * * *
The centaur wields an uncursed shortbow of freezing.
It is covered in frost.
The centaur shoots an arrow.
The arrow hits you.
You die...
Your body crumbles into a pile of gold.

Action                   |  1- 3 |  4- 6 |  7- 9 || total
-------------------------+-------+-------+-------++-------
Melee: Dagger            |    39 |   136 |   115 ||   290
 Fire: Blowgun           |     3 |    11 |     4 ||    18
Throw: Throwing net      |       |       |     1 ||     1
Evoke: Wand              |       |       |     3 ||     3
  Use: Scroll            |     4 |       |       ||     4
       Potion            |       |     2 |     1 ||     3
 Stab: Sleeping          |     8 |    20 |    12 ||    40
  Eat: Fruit             |     3 |       |       ||     3
       Pizza             |     1 |       |       ||     1
       Chunk             |       |     9 |     7 ||    16
       Beef jerky        |       |     1 |       ||     1

Vault maps used:
D:1:      dpeg_arrival_morbid_curiosity
D:2:      serial_bayou_lagoon_a, uniq_terence, uniq_jessica
D:3:      lemuel_round_altar, st_stairs_6
D:4:      kiku_gazebo_pond_becter, gammafunk_temple_overflow_statue,
          first_bread, uniq_sigmund
D:5:      lemuel_ratsnest, kennysheep_little_box, lemuel_temple_firewalk_marked,
          uniq_duvessa

Notes
Turn   | Place    | Note
--------------------------------------------------------------
     0 | D:1      | RobertPalmer, the Octopode Assassin, began the quest for the Orb.
     0 | D:1      | Reached XP level 1. HP: 14/14 MP: 1/1
   166 | D:1      | Reached XP level 2. HP: 17/19 MP: 2/2
   169 | D:1      | Reached skill level 6 in Stealth
   904 | D:2      | Reached XP level 3. HP: 24/24 MP: 3/3
   925 | D:2      | Noticed Jessica
   928 | D:2      | Killed Jessica
   928 | D:2      | Reached skill level 7 in Stealth
  1284 | D:2      | Noticed Terence
  1299 | D:2      | Killed Terence
  1299 | D:2      | Reached XP level 4. HP: 24/29 MP: 4/4
  1635 | D:2      | Reached skill level 8 in Stealth
  2011 | D:3      | Reached XP level 5. HP: 22/34 MP: 5/5
  2322 | D:3      | Reached skill level 9 in Stealth
  2830 | D:3      | Found a burning altar of Makhleb.
  3015 | D:4      | Noticed Sigmund
  3025 | D:4      | Killed Sigmund
  3025 | D:4      | Reached skill level 10 in Stealth
  3025 | D:4      | Reached XP level 6. HP: 39/39 MP: 6/6
  3197 | D:4      | Found an ancient bone altar of Kikubaaqudgha.
  4276 | D:4      | Found a glowing silver altar of Zin.
  4276 | D:4      | Found a shadowy altar of Dithmenos.
  4352 | D:4      | Reached skill level 11 in Stealth
  4361 | D:4      | Reached XP level 7. HP: 25/45 MP: 7/7
  4487 | D:5      | Entered Level 5 of the Dungeon
  4730 | D:5      | Noticed Duvessa
  4730 | D:5      | Noticed Dowan
  5440 | D:5      | HP: 3/45 [orange rat (6)]
  5440 | D:5      | HP: 1/45 [orange rat (2)]
  5845 | D:5      | Killed Duvessa
  6012 | D:5      | Reached skill level 3 in Short Blades
  6201 | D:5      | Killed Dowan
  6241 | D:5      | Found an opulent altar of Gozag.
  6261 | D:5      | Became a worshipper of Gozag Ym Sagoz the Greedy
  6301 | D:5      | HP: 1/45 [centaur (7)]
  6302 | D:5      | Shot with an arrow by a centaur

Vanquished Creatures
  Sigmund (D:4)
  2 crimson imps (D:5)
  2 hounds (D:4)
  2 orc wizards (D:4)
  A worker ant (D:3)
  A gnoll shaman (D:4)
  2 orange rats (D:5)
  Jessica (D:2)
  Terence (D:2)
  5 gnolls
  4 green rats (D:5)
  A shadow imp (D:5)
  7 adders
  A giant mite (D:3)
  2 worms
  2 giant geckos (D:3)
  5 orcs
  4 ball pythons
  12 bats
  A bat skeleton (D:4)
  3 giant cockroaches
  11 goblins
  12 hobgoblins
  4 jackals (D:5)
  5 quokkas
  2 giant newts
  A hobgoblin skeleton (D:4)
  11 kobolds
  A quokka skeleton (D:5)
  28 rats
135 creatures vanquished.

Vanquished Creatures (others)
  Duvessa (D:5)
  Dowan (D:5)
  An adder (D:5)
3 creatures vanquished.

Grand Total: 138 creatures vanquished
